← All builds
Front / Armada / Economy first / OBSERVED BUILD

Standard front

Armada Front build order · Supreme Isthmus

Economy-first opening with Bot Lab and Vehicle Plant up almost immediately, units trickle out as Blitz, Rocketeer, Pawn and Janus to hold the wider gap and feed the middle fight, the role's normal job.

#eco · 1793 distinct matches · 263 players · 74% of Armada Front games · team won 60% of 2092 · Recently observed

HOW TO PLAY IT

Key timing: T2 constructor by 7:43

  1. Open mex and wind, drop Bot Lab and Vehicle Plant almost immediately.
  2. Pump Blitz, Rocketeer and Pawn to the coast to stop leaks first.
  3. Add Centurion and Janus once first units are moving up.
  4. Form units into a line pushing toward middle as numbers grow.
  5. Upgrade to Advanced Metal Extractor as the economy transition kicks in.

Phase by phase

TYPICAL OF ITS 1793 GAMES
  1. 1
  2. 2
  3. 3
PLAY THE OPENING

Follow the example game's first 6:00 step by step: what to build now, what comes next, and where it goes. At 1× it keeps pace with your own game.

  1. 1

    Up to the Bot Lab

    Economy
    • Metal Extractor2Mex
    Order
    1. Bot LabBot Lab after 2 mex, 1 winddone ~0:44, middle half 0:33–0:58

    Some games also: wind (48%) · Vehicle Plant (36%)

    By 0:28 in all: 2 mex

    The example game in this phase · 2 steps
    1. Mex ×3
    2. Bot LabBot Labdone 0:47 · typical 0:44
  2. 2

    Bot Lab to 5:00

    Economy
    • Metal Extractor4Mex
    • Wind Turbine3Wind
    Builders
    • Construction Bot1 Con bot
    Army
    • Sentry1 Sentry
    • Rocketeer6 Rocketeer

    Some games also: Lazarus (49%) · tick (46%) · centurion (40%) · Radar Tower (32%) · con vehicle (31%)

    By 5:00 in all: 6 mex · 6 wind

    The example game in this phase · 33 steps
    1. Radar TowerRadar Tower
    2. LazarusLazarus
    3. CenturionCenturion
    4. PawnPawn ×5
    5. Construction BotCon bot ×3
    6. Mex
    7. RocketeerRocketeer ×2
    8. Con turret
    9. RocketeerRocketeer
    10. Mex
    11. RocketeerRocketeer ×3
    12. Mex
    13. RocketeerRocketeer
    14. LazarusLazarus
    15. SentrySentry
    16. RocketeerRocketeer ×3
    17. Wind
    18. RocketeerRocketeer
    19. Radar TowerRadar Tower
    20. Wind
    21. RocketeerRocketeer
    22. Wind
    23. RocketeerRocketeer ×2
    24. Wind ×2
    25. RocketeerRocketeer
    26. Wind
    27. TickTick ×2
    28. RocketeerRocketeer
    29. Wind
    30. RocketeerRocketeer
    31. Wind
    32. RocketeerRocketeer
    33. Wind
  3. 3

    5:00 to 10:00

    Economy
    • Metal Extractor1Mex
    • Wind Turbine14Wind
    Builders
    • Construction Turret2 Con turret
    Army
    • Sentry1 Sentry

    Some games also: rocketeer (46%) · energy storage (43%) · Lazarus (38%) · con bot (38%) · Radar Tower (36%)

    By 10:00 in all: 7 mex · 24 wind · 1 energy storage · 3 con turret

    The example game in this phase · 175 steps
    1. RocketeerRocketeer
    2. Wind
    3. Radar TowerRadar Tower
    4. RocketeerRocketeer
    5. SentrySentry
    6. RocketeerRocketeer ×2
    7. Wind
    8. RocketeerRocketeer
    9. Wind
    10. RocketeerRocketeer
    11. Wind
    12. RocketeerRocketeer
    13. Mex
    14. Wind
    15. RocketeerRocketeer
    16. Mex
    17. RocketeerRocketeer ×5
    18. PawnPawn ×9
    19. SentrySentry
    20. PawnPawn ×11
    21. RocketeerRocketeer
    22. Construction BotCon bot
    23. Mex
    24. Construction BotCon bot
    25. Energy storage
    26. Advanced Metal ExtractorT2 mexdone 8:50 · typical 9:01
    27. Construction BotCon bot
    28. Con turret
    29. Energy storage
    30. Construction BotCon bot
    31. Energy storage
    32. Construction BotCon bot
    33. Mex
    34. Con turret
    35. Advanced Metal ExtractorT2 mex
    36. Construction BotCon bot
    37. Mex
    38. SentrySentry
    39. Con turret
    40. Construction BotCon bot
    41. Wind
    42. PawnPawn
    43. Advanced Metal ExtractorT2 mex
    44. PawnPawn
    45. Wind ×2
    46. PawnPawn
    47. Wind ×2
    48. PawnPawn
    49. SentrySentry
    50. Wind ×2
    51. PawnPawn
    52. Wind
    53. PawnPawn
    54. SentrySentry
    55. Wind
    56. PawnPawn ×3
    57. Wind ×2
    58. Advanced Metal ExtractorT2 mex
    59. PawnPawn
    60. Wind ×2
    61. PawnPawn
    62. Mex
    63. Wind
    64. PawnPawn
    65. Con turret
    66. Wind ×2
    67. PawnPawn
    68. Wind
    69. PawnPawn
    70. Wind ×2
    71. Con turret
    72. PawnPawn
    73. Wind
    74. Mex
    75. Wind
    76. Advanced Metal ExtractorT2 mex
    77. PawnPawn
    78. Wind
    79. PawnPawn ×2
    80. Wind
    81. PawnPawn
    82. Wind
    83. PawnPawn
    84. Wind
    85. PawnPawn
    86. Wind
    87. PawnPawn
    88. Wind
    89. PawnPawn
    90. Wind
    91. PawnPawn
    92. Wind
    93. PawnPawn ×2
    94. Wind
    95. PawnPawn
    96. Wind ×2
    97. PawnPawn
    98. Wind
    99. PawnPawn ×2
    100. Wind
    101. PawnPawn ×2
    102. Wind
    103. PawnPawn
    104. Wind
    105. PawnPawn
    106. Wind
    107. PawnPawn
    108. Wind
    109. Advanced Metal ExtractorT2 mex
    110. Converter
    111. PawnPawn
    112. Wind
    113. Converter
    114. PawnPawn
    115. Wind
    116. Converter
    117. PawnPawn
    118. Wind
    119. Converter
    120. Wind
    121. PawnPawn
    122. Wind
    123. Converter
    124. PawnPawn
    125. Wind ×2
    126. Converter
    127. PawnPawn
    128. Wind
    129. Converter
    130. PawnPawn
    131. Wind
    132. Converter
    133. PawnPawn
    134. Wind
    135. Converter
    136. PawnPawn
    137. Advanced Metal ExtractorT2 mex
    138. PawnPawn ×2
    139. Con turret
    140. PawnPawn ×3
    141. Advanced Bot LabAdvanced Bot Labdone 13:39
    142. PawnPawn
    143. Con turret ×3
    144. RattlesnakeRattlesnakedone 13:55
    145. PawnPawn ×3
    146. Construction BotCon bot
    147. SprinterSprinter
    148. LazarusLazarus
    149. SprinterSprinter
    150. LazarusLazarus
    151. RattlesnakeRattlesnake
    152. Wind ×2
    153. LazarusLazarus
    154. Wind ×3
    155. SprinterSprinter
    156. LazarusLazarus
    157. Wind
    158. LazarusLazarus
    159. Wind
    160. SprinterSprinter
    161. Wind
    162. LazarusLazarus
    163. Wind
    164. SprinterSprinter
    165. Wind
    166. LazarusLazarus
    167. Wind
    168. SprinterSprinter
    169. RattlesnakeRattlesnake
    170. Wind
    171. LazarusLazarus
    172. Wind ×2
    173. Advanced Construction BotT2 con bot
    174. LazarusLazarus
    175. Wind

Counts are medians over the build's games: half of them build more, half fewer. The example game is csirkecomb's (30 OS, 28/08/2026); pick another.

Team trades

IN AT LEAST 30% OF ITS GAMES

You hand over

Nothing regular.

You get

  • Tidal Generator4 Tidal from Pondfirst at 0:17 · in 68% of games
  • Advanced Construction Bot1 T2 con bot from Geo or Techfirst at 7:24 · in 64% of games

How it plays out

Typical game of this build, running totals by minute

Metal produced

010k20k30k
0:005:0010:0015:00

metal

Enemy metal destroyed

05k10k
0:005:0010:0015:00

metal

Own metal lost

05k10k
0:005:0010:0015:00

metal

2092 games.

Show as table
ByMetal produced: This buildEnemy metal destroyed: This buildOwn metal lost: This build
1:0033300
2:008422131
3:001619135108
4:002700522333
5:0038471123782
6:00503419201419
7:00626327142288
8:00754735453155
9:00899743244047
10:001057550134770
11:001240855315537
12:001455259936390
13:001692964776980
14:001931272557829
15:002196378908701
WHAT THE NUMBERS SAY

Standard Front play wins more often than Suicide front and produces more metal by 15:00 while losing less of it.

  • + Metal produced reaches 22627 by 15:00, well above Suicide front's 20142.
  • + Own metal lost is 8944 by 15:00, lower than enemy metal destroyed ratio of Suicide front.
  • − First unit lost already at 1:43, showing exposure despite the safer position.
  • − Blitz dominates army share at 25%, leaving fewer Centurion for anti-swarm.
THE EXAMPLE YOU ARE READING

csirkecomb

30.1 OS · 28/08/2026

Open source match ↗

5 received units · includes a constructor
946 metal received · 43813 energy received

Allied construction assistance is unknown. Timings are observations, not a promise of solo reproducibility.

Typical milestones

Bot Lab0:44Middle 50%: 0:33–0:58 · n=1407
Vehicle Plant0:47Middle 50%: 0:41–1:13 · n=1346
Advanced Metal Extractor9:01Middle 50%: 8:09–10:15 · n=1638

Played most by

haaven109games of this buildHummell108games of this buildLeohvm97games of this buildTheGeneraI77games of this buildXad69games of this build
Standard front · Armada Front build order · BAR Build Atlas